Map: Ephemeron LE

Players

Serral - Winner!

  • Race: Zerg Zerg
  • League: Master
  • Spawn Location: 11:00

lIIllllIIlll (INnoVation)

  • Race: Terran Terran
  • League: Master
  • Spawn Location: 5:00

Event: HomeStory Cup XX

VOD

Have the link to the VOD?

Description

Time

  • Played on: Nov. 24, 2019, 2:22 p.m.
  • Length: 5:51

All games in this series

Show
View Real Time Build Order
Export as new Build Order

Serral Zerg - Winner!

Build Orders: Pool First 

Get SALT Encoding   

  12  0:00  Drone  
  13  0:12  Overlord  
  13  0:16  Drone  
  14  0:30  Drone  
  14  0:31  Drone  
  16  0:42  Spawning Pool  
  15  0:44  Drone  
  15  0:48  Drone  
  17  1:08  Hatchery  
  16  1:11  Drone  
  17  1:28  Zergling x2  
  17  1:29  Zergling x4  
  17  1:30  Queen  
  17  1:32  Extractor  
  21  1:39  Overlord  
  21  1:51  Drone  
  22  2:01  Drone  
  23  2:06  Queen  
  25  2:12  Drone  
  26  2:21  Drone  
  27  2:23  Drone  
  27  2:29  Queen  
  28  2:31  Drone  
  28  2:35  Metabolic Boost  
  28  2:36  Drone  
  32  2:45  Drone  
  32  2:47  Drone x2  
  34  2:51  Drone  
  34  2:54  Drone  
  34  3:01  Overlord  
  34  3:03  Drone  
  35  3:10  Hatchery  
  34  3:18  Zergling x2  
  34  3:19  Queen  
  37  3:21  Drone  
  37  3:22  Drone  
  37  3:25  Drone  
  40  3:27  Drone  
  40  3:29  Overlord  
  40  3:33  Drone x2  
  43  3:40  Overlord  
  43  3:48  Zergling x2, Roach Warren  
  43  3:49  Zergling x2, Drone x2  
  43  3:51  Drone  
  43  3:53  Drone  
  43  3:55  Extractor  
  47  3:57  Extractor  
  47  3:59  Drone x2  
  48  4:04  Zergling x2  
  48  4:08  Zergling x2  
  50  4:13  Zergling x2  
  51  4:27  Overlord  
  51  4:28  Roach x4  
  59  4:32  Roach x3  
  59  4:37  Overlord  
  65  4:47  Roach x4  
  72  4:56  Zergling x10  
  77  5:04  Zergling x14  
  77  5:05  Ravager  
  80  5:09  Ravager x2  
  80  5:11  Overlord  
  82  5:29  Overlord  
  82  5:33  Ravager x2  
  82  5:34  Zergling x12  
Show
View Real Time Build Order
Export as new Build Order

lIIllllIIlll Terran 

Build Orders: Reaper Expand 

Get SALT Encoding   

  12  0:00  SCV  
  13  0:12  SCV  
  14  0:17  Supply Depot  
  14  0:24  SCV  
  15  0:38  SCV  
  15  0:40  Barracks  
  16  0:43  Refinery  
  16  0:50  SCV  
  17  1:02  SCV  
  18  1:14  SCV  
  19  1:27  Orbital Command, Reaper  
  20  1:39  Command Center  
  20  1:50  Supply Depot  
  20  1:53  SCV  
  21  1:59  Marine  
  22  2:05  SCV  
  22  2:08  Factory  
  23  2:12  Refinery  
  23  2:17  SCV  
  23  2:21  Barracks Reactor  
  24  2:29  SCV  
  23  2:31  Marine  
  23  2:41  SCV  
  23  2:51  Barracks Reactor  
  23  2:53  SCV  
  25  3:05  Orbital Command, SCV  
  25  3:13  Command Center  
  25  3:17  SCV  
  26  3:29  SCV  
  26  3:32  SCV  
  26  3:33  Hellion x2  
  32  3:34  Barracks Tech Lab  
  32  3:42  SCV  
  32  3:44  SCV  
  34  3:52  Stimpack  
  34  3:54  Marine, SCV  
  34  3:55  Hellion x2  
  40  3:56  SCV  
  41  4:02  Supply Depot  
  41  4:06  SCV  
  41  4:09  SCV  
  43  4:12  Marine  
  43  4:16  Hellion  
  46  4:24  Hellion, SCV x2  
  46  4:25  Orbital Command  
  46  4:29  Marine, Engineering Bay  
  46  4:30  Engineering Bay  
  51  4:36  SCV x2  
  53  4:48  Marine, SCV x2  
  53  4:51  Barracks x2  
  54  4:59  SCV  
  53  5:00  SCV  
  53  5:07  Marine  
  53  5:10  SCV  
  53  5:11  SCV  
  53  5:12  SCV  
  57  5:16  Refinery  
  57  5:17  Refinery  
  57  5:20  Supply Depot  
  57  5:26  Marauder  
  57  5:27  Bunker  
  57  5:28  Factory Reactor  
  58  5:29  Factory Tech Lab, SCV  
  58  5:30  SCV x2  
Tags
 
Add a new tag
Caveats
  • Supply blocks, unpowered buildings, or Contaminate may cause inaccurate times.
  • Supply counts are checked every 10 seconds.